AoeStats
← BigOleGiraffe

Yucatan

510915810Analyzed
2v2 RM · 10h ago on Oct 3, 2026· 46m 12s· 4 players
Game mode
Random Map
Map size
Medium (4 player)
Population
200
Speed
Normal
Resources
Standard
Victory
Conquest
Starting age
Dark Age
Ending age
Imperial Age
RankedLock teamsTeams togetherTeam positionsShared explorationLock speedFull tech treeHidden civsTurbo modeCheats
Victory
Defeat
🇨🇦 Danes · Canada
1109
+15
🇨🇦 Varangians · Canada
1102
+15
🇦🇺 Britons · Australia
1090
-15
🇦🇺 Byzantines · Australia
1085
-15
Biggoted Bill
0:27 Loom
13:31 Feudal Age
14:09 Double-Bit Axe
18:30 Castle Age
18:03 Wheelbarrow
21:16 Gold Mining
21:47 Stone Mining
22:16 Light Cavalry
22:57 Husbandry
26:01 Bow Saw
29:21 Treadmill Crane
32:22 Fortified Wall
32:50 Murder Holes
33:58 Horse Collar
35:24 Fletching
35:45 Forging
35:36 Padded Archer Armor
40:03 Imperial Age
37:49 Hand Cart
37:43 Bodkin Arrow
38:24 Iron Casting
37:50 Scale Mail Armor
40:03 Gold Shaft Mining
40:07 Stone Shaft Mining
39:23 Pikeman
40:04 Squires
39:27 Crossbowman
39:30 Elite Skirmisher
40:58 Leather Archer Armor
42:14 Chain Mail Armor
43:11 Conscription
42:49 Elite Cataphract
47% Win Rate
7:49 Loom
11:07 Feudal Age
16:12 Castle Age
14:33 Double-Bit Axe
14:29 Horse Collar
14:44 Stone Mining
17:04 Bow Saw
20:00 Horse Collar
20:15 Gold Mining
24:53 Fletching
25:04 Padded Archer Armor
26:30 Leather Archer Armor
26:49 Pikeman
28:05 Bodkin Arrow
29:30 Ballistics
30:16 Gold Shaft Mining
29:27 Crossbowman
30:43 Forging
30:17 Man-at-Arms
32:21 Yeomen
33:07 Fortified Wall
36:06 Imperial Age
37:09 Conscription
37:12 Bracer
37:42 Ring Archer Armor
37:57 Elite Longbowman
39:00 Heavy Plow
39:29 Light Cavalry
41:48 Scale Barding Armor
42:40 Iron Casting
BigOleGiraffe
3:34 Loom
4:10 Loom
4:59 Loom
11:50 Feudal Age
15:47 Castle Age
14:24 Double-Bit Axe
14:20 Horse Collar
17:52 Stone Mining
18:24 Bow Saw
23:57 Wheelbarrow
25:10 Fletching
25:30 Forging
26:43 Heavy Plow
27:11 Hand Cart
27:10 Padded Archer Armor
27:35 Gold Mining
28:17 Town Watch
29:13 Bodkin Arrow
30:25 Ballistics
29:51 Treadmill Crane
30:23 Masonry
30:09 Murder Holes
30:10 Elite Skirmisher
31:08 Leather Archer Armor
31:47 Husbandry
31:57 Bloodlines
36:04 Imperial Age
33:31 Guard Tower
35:47 Stone Shaft Mining
36:48 Bracer
37:18 Ring Archer Armor
37:51 Chemistry
36:49 Heavy Mounted Crossbowman
36:53 Cranequins
39:08 Siege Engineers
39:40 Capped Ram
45:06 Architecture
46:23 Two-Man Saw
vince.dion123
8:08 Loom
11:41 Feudal Age
15:05 Double-Bit Axe
17:30 Castle Age
15:29 Horse Collar
21:54 Heavy Plow
21:49 Gold Mining
21:49 Stone Mining
22:16 Bow Saw
25:17 Town Watch
29:40 Ballistics
32:22 Imperial Age
30:30 Wheelbarrow
30:31 Scale Mail Armor
31:47 Gold Shaft Mining
32:01 Stone Shaft Mining
31:34 Squires
31:19 Arson
32:04 Chain Mail Armor
32:38 Forging
32:12 Hamask
34:20 Conscription
34:48 Siege Engineers
36:44 Plate Mail Armor
36:50 Iron Casting
35:55 Northmen's Fury
37:36 Hand Cart
37:22 Town Patrol
37:34 Elite Jomsviking
40:19 Blast Furnace
39:10 Onager
40:56 Chemistry
40:38 Scale Barding Armor
40:27 Siege Onager
43:05 Hoardings
Connection lost

Rejoining the realm…

Still unreachable

The connection could not be restored.

Session expired

The server has moved on; the page needs a fresh start.